 Dungeon Crawl Stone Soup version 0.31.0-32-g396128a36d (webtiles) character file.

Game seed: 936567695628041959

49 PaiMei the Grave Robber (level 3, 0/24 HPs)
             Began as a Demonspawn Necromancer on Mar 19, 2024.
             Slain by a gnoll
             ... wielding a +0 spear
              (7 damage)
             ... on level 2 of the Dungeon.
             The game lasted 00:01:34 (1374 turns).

PaiMei the Grave Robber (Demonspawn Necromancer)    Turns: 1374, Time: 00:01:34

Health: 0/24       AC:  3    Str:  8    XL:     3   Next: 51%
Magic:  1/6        EV: 12    Int: 17    God:
Gold:   72         SH:  0    Dex: 13    Spells: 5/6 levels left

rFire   . . .        h - +3 dagger
rCold   . . .        (no shield)
rNeg    . . .        a - +0 robe
rPois   .            (no helmet)
rElec   .            e - +0 cloak
rCorr   .            (no gloves)
SInv    .            (no boots)
Will    +....        (no amulet)
Stlth   ++           g - ring of willpower
HPRegen 0.24/turn    (no ring)
MPRegen 0.10/turn

%: no passive effects
@: no status effects
A: foul stench 1
a: no special abilities


You were on level 2 of the Dungeon.
You visited 1 branch of the dungeon, and saw 2 of its levels.

You collected 72 gold pieces.

Inventory:

Hand Weapons
 c - a +0 long sword
 h - a +3 dagger (weapon)
Missiles
 f - 7 poisoned darts (quivered)
Armour
 a - a +0 robe (worn)
 e - a +0 cloak (worn)
Jewellery
 g - a ring of willpower (left hand)
Scrolls
 d - 3 scrolls of identify {unknown}
 i - a scroll of teleportation {unknown}
Potions
 b - a potion of magic


   Skills:
 + Level 2.3 Dodging
 + Level 2.4 Stealth
 + Level 2.4 Spellcasting
 + Level 4.7 Necromancy


You had 5 spell levels left.
You knew the following spells:

 Your Spells              Type           Power      Damage    Failure   Level
a - Necrotise             Necr           72%        1d7       2%          1

Your spell library contained the following spells:

 Spells                   Type           Power      Damage    Failure   Level
 Fugue of the Fallen      Necr           18%        N/A       8%          3
 Vampiric Draining        Necr           18%        2d7       8%          3
 Animate Dead             Necr           18%        N/A       26%         4
 Ozocubu's Armour         Ice            2%         N/A       50%         3
 Curse of Agony           Necr           18%        N/A       58%         5
 Manifold Assault         Tloc           2%         N/A       88%         4


Dungeon Overview and Level Annotations

Branches:
Dungeon (2/15)

Altars:


Innate Abilities, Weirdness & Mutations

You may rarely emit foul miasma when damaged in melee.


Message History

Aim: a gnoll, wielding a +0 halberd (almost dead, chance to affect: 83%)
The gnoll writhes in agony.
You kill the gnoll!
The dead are walking!
A gnoll comes into view. It is wielding a +0 spear.
Casting: Necrotise (safe; 2% risk of failure)
Confirm with . or Enter, or press ? or * to list all spells.
You can't see any susceptible monsters within range! (Use Z to cast anyway.)
Casting: Necrotise (safe; 2% risk of failure)
Confirm with . or Enter, or press ? or * to list all spells.
You can't see any susceptible monsters within range! (Use Z to cast anyway.)
A gnoll comes into view. It is wielding a +0 spear.
You see here a dark potion.
You see here a +0 halberd.
There are monsters nearby!
The gnoll barely misses you.
Casting: Necrotise (safe; 2% risk of failure)
Confirm with . or Enter, or press ? or * to list all spells.
Aiming: Necrotise (safe; 2% risk of failure)
Press: ? - help, Shift-Dir - straight line, f - gnoll
Aim: a gnoll, wielding a +0 spear (ally target, chance to affect: 83%)
The gnoll writhes in agony.
The gnoll hits you from afar with a +0 spear.
Casting: Necrotise (safe; 2% risk of failure)
Confirm with . or Enter, or press ? or * to list all spells.
Aiming: Necrotise (safe; 2% risk of failure)
Press: ? - help, Shift-Dir - straight line, f/p - gnoll
Aim: a gnoll, wielding a +0 spear (lightly wounded, ally target, chance to affect: 83%)
The gnoll writhes in agony.
The gnoll hits you but does no damage.
The gnoll hits you from afar with a +0 spear.
Casting: Necrotise (safe; 2% risk of failure)
Confirm with . or Enter, or press ? or * to list all spells.
Aiming: Necrotise (safe; 2% risk of failure)
Press: ? - help, Shift-Dir - straight line, f/p - gnoll
Aim: a gnoll, wielding a +0 spear (heavily wounded, ally target, chance to affect: 83%)
Okay, then.
The gnoll hits you with a +0 spear.
* * * LOW HITPOINT WARNING * * *
The gnoll hits you with a +0 spear!
You die...

#...^......######
#..........###...
#####................
.............####... ###
#..#..........# #... ...
##.............###...
#.###...#..........[.....
##.#...#.#............##....
..........g@..........##....
##...†gZ.)!......####...
#..#.####.........######
#...... #.##.####...####
#..###..#.##.# #........
#... #...##.# #........
#...# ##..#.# #........ #.##
#....# #........ .. ..##..
#........


You could see 2 gnolls and a friendly gnoll skeleton.

Vanquished Creatures
  2 gnolls
  2 dart slugs (D:2)
  4 endoplasms (D:1)
  A giant cockroach (D:1)
  3 goblins
  A hobgoblin (D:2)
  2 jackals (D:2)
  A quokka (D:1)
  A ball python (D:1)
  2 bats (D:1)
  3 frilled lizards
  2 kobolds
  2 rats (D:1)
26 creatures vanquished.

Notes
Turn   | Place    | Note
-------+----------+-------------------------------------------
     0 | D:1      | PaiMei the Demonspawn Necromancer began the quest for the
                  | Orb.
     0 | D:1      | Reached XP level 1. HP: 13/13 MP: 3/3
   450 | D:1      | Gained mutation: You may rarely emit foul miasma when
                  | damaged in melee. [demonic ancestry]
   450 | D:1      | Reached XP level 2. HP: 17/19 MP: 0/5
  1120 | D:1      | Found a faded altar of an unknown god.
  1206 | D:2      | Reached XP level 3. HP: 24/24 MP: 3/6
  1374 | D:2      | Slain by a gnoll

Illustrated notes

Levels and vault maps discovered:
D:1:      eino_arrival_tree_alley, layout_loops_ring,
          shapermc_ecumenical_altar_petra, grunt_decor_arrowhead,
          minmay_misc_feat_rugged, corexii_hall_statues_deadend
D:2:      layout_rooms, serial_shops, nicolae_shop_tiny_statue_garden

Skill      XL: |  1 |
---------------+----+-----
Stealth        | 2 |  2.4
Dodging        | 2 |  2.3
Spellcasting   | |  2.4
Necromancy     | |  4.7

Action                     || total
---------------------------++-------
  Melee: Long sword        ||    30
         Dagger            ||     7
   Cast: Necrotise         ||    38
   Stab: Sleeping          ||     1
 Armour: Robe              ||    21
  Dodge: Dodged            ||    15
